 Dungeon Crawl Stone Soup version 0.28.0-45-g0d030f2227 (webtiles) character file.

Game seed: 2243432596278677745

9989 pkoi the Zephyrmancer (level 11, -1/53 HPs)
             Began as a Spriggan Air Elementalist on Apr 5, 2022.
             Was a Priest of Sif Muna.
             Slain by a catoblepas (8 damage)
             ... while petrified by a catoblepas
             ... on level 11 of the Dungeon.
             The game lasted 00:24:55 (19475 turns).

pkoi the Zephyrmancer (Spriggan Air Elementalist)  Turns: 19475, Time: 00:24:56

Health: -1/53      AC: 10    Str:  4    XL:     11   Next: 30%
Magic:  24/31      EV:  4    Int: 20    God:    Sif Muna [***...]
Gold:   495        SH:  0    Dex: 17    Spells: 11/23 levels left

rFire   . . .      SeeInvis +   J - staff of conjuration
rCold   . . .      Faith    .   (shield currently unavailable)
rNeg    + + +      Spirit   .   a - +1 robe
rPois   ∞          Reflect  .   (helmet restricted)
rElec   .          Harm     .   t - +2 cloak
rCorr   .          Rampage  .   (gloves unavailable)
Will    +....                   (boots unavailable)
Stlth   +++.......              (no amulet)
HPRegen 0.17/turn               i - ring of magical power
MPRegen 0.22/turn               j - +4 ring of protection

@: petrified, very quick
A: very small, no large weapons, unfitting armour, see invisible, speed 3
a: Renounce Religion, Channel Magic, Forget Spell


You were on level 11 of the Dungeon.
You worshipped Sif Muna.
Sif Muna was most pleased with you.
You visited 2 branches of the dungeon, and saw 13 of its levels.
You also visited: Ossuary.

You collected 639 gold pieces.
You spent 144 gold pieces at shops.

Inventory:

Hand Weapons
 b - a +0 whip
 k - a +1 dagger
 s - a +4 short sword
Missiles
 f - 18 poisoned darts
 x - 5 throwing nets
Armour
 a - a +1 robe (worn)
 t - a +2 cloak (worn)
Magical Staves
 J - a staff of conjuration (weapon)
Jewellery
 i - a ring of magical power (left hand)
 j - a +4 ring of protection (right hand)
 n - an amulet of faith
 q - a ring of positive energy
 y - a ring of poison resistance
 M - a ring of willpower
Wands
 h - a wand of polymorph (9)
 m - a wand of paralysis (6)
 p - a wand of mindburst (8)
 z - a wand of flame (9)
 D - a wand of iceblast (5)
 G - a wand of charming (12)
 I - a wand of acid (6)
Scrolls
 g - 8 scrolls of teleportation
 o - 4 scrolls of vulnerability
 r - 3 scrolls of identify
 u - 4 scrolls of fog
 A - 2 scrolls of enchant weapon
 B - 2 scrolls of amnesia
 H - a scroll of enchant armour
Potions
 c - 6 potions of brilliance
 d - 4 potions of heal wounds
 e - 6 potions of curing
 l - 4 potions of might
 v - a potion of attraction {unknown}
 w - 2 potions of flight
 E - a potion of invisibility
 K - a potion of ambrosia
 L - a potion of cancellation
 N - a potion of berserk rage {unknown}


   Skills:
 + Level 4.1 Fighting
 - Level 6.0 Dodging
 - Level 6.0 Stealth
 + Level 6.9 Spellcasting
 - Level 0.6 Conjurations
 + Level 5.9 Hexes
 + Level 3.3 Fire Magic
 + Level 10.5 Air Magic
 + Level 4.9 Poison Magic
 + Level 4.6 Invocations
 + Level 5.8 Evocations


You had 11 spell levels left.
You knew the following spells:

 Your Spells              Type           Power      Damage    Failure   Level
a - Shock                 Conj/Air       100%       1d9       1%          1
b - Inner Flame           Hex/Fire       25%        N/A       4%          3
c - Airstrike             Air            24%        N/A       1%          4
d - Poisonous Vapours     Pois/Air       74%        N/A       1%          2
e - Passwall              Tmut/Erth      5%         N/A       14%         2

Your spell library contained the following spells:

 Spells                   Type           Power      Damage    Failure   Level
 Corpse Rot               Necr/Air       54%        N/A       1%          2
 Static Discharge         Conj/Air       43%        N/A       1%          2
 Swiftness                Air            49%        N/A       1%          3
 Foxfire                  Conj/Fire      88%        2x1d8     4%          1
 Ensorcelled Hibernation  Hex/Ice        36%        N/A       4%          2
 Conjure Flame            Conj/Fire      22%        6-21      13%         3
 Flame Wave               Conj/Fire      22%        2d7       38%         4
 Fireball                 Conj/Fire      11%        3d7       75%         5
 Starburst                Conj/Fire      11%        6d5       100%        6
 Ignition                 Fire           10%        3d5       100%        8


Dungeon Overview and Level Annotations

Branches:
Dungeon (12/15)            Temple (1/1) D:4         Ossuary (visited)
   Lair: D:8-11         Orc: D:9-12

Altars:
Ashenzari
Cheibriados
Dithmenos
Elyvilon
Fedhas
Gozag
Hepliaklqana
Kikubaaqudgha
Makhleb
Nemelex Xobeh
Okawaru
Qazlal
Ru
Sif Muna
Trog
Uskayaw
Vehumet
Wu Jian
Xom
Yredelemnul
Zin
The Shining One

Shops:
D:3 :**

Annotations:
D:10 1 runed translucent door
D:11 3 runed translucent doors, Harold; cookedgoose's ghost, journeyman HuIE


Innate Abilities, Weirdness & Mutations

You are very small and have problems with some larger weapons.
You are too small for most types of armour.
You have supernaturally acute eyesight. (SInv)
You cover ground extremely quickly. (Speed+++)


Message History

Aiming: Poisonous Vapours (safe; 1% risk of failure)
Press: ? - help, Dir - move target, f - troll
Aim: a troll (asleep) Poisonous vapours surround the troll!
The troll is poisoned.
The troll shouts!
Unknown command.
Casting: Poisonous Vapours (safe; 1% risk of failure)
Confirm with . or Enter, or press ? or * to list all spells.
Aiming: Poisonous Vapours (safe; 1% risk of failure)
Press: ? - help, Dir - move target, f/p - troll
Aim: a troll (lightly wounded, very poisoned) Poisonous vapours surround the troll!
The troll looks as sick as possible!
Unknown command.
You recover from your berserk rage.
The catoblepas breathes a plume of calcifying dust at you.
The blast of calcifying dust hits you.
You are engulfed in calcifying dust.
You are slowing down.
The catoblepas barely misses you. The catoblepas closely misses you.
There is a stone staircase leading down here.
Your limbs are stiffening.
The catoblepas breathes a plume of calcifying dust at you.
The blast of calcifying dust hits you.
You have turned to stone.
You are engulfed in calcifying dust. x3
The catoblepas gores you!!
* * * LOW HITPOINT WARNING * * *
You are engulfed in calcifying dust.
The catoblepas gores you!
* * * LOW HITPOINT WARNING * * *
You are engulfed in calcifying dust.
The catoblepas breathes a plume of calcifying dust at you.
The blast of calcifying dust hits you.
* * * LOW HITPOINT WARNING * * *
You are engulfed in calcifying dust.
The catoblepas gores you!
* * * LOW HITPOINT WARNING * * *
You are engulfed in calcifying dust.
The catoblepas gores you!!
* * * LOW HITPOINT WARNING * * *
The catoblepas barely misses you. The catoblepas gores you!
You die...

#.# #.#.
#.#.
#.#.
#T#.
#.#.
#.#.##
#.#..#
#.##@#
##.##Y#
#.§§#>##
#......#
#...#..#
#####..#
#..#
#..##
#...#


You could see a catoblepas.

Vanquished Creatures
  A two-headed ogre (D:8)
  A manticore (D:6)
  A cyclops (D:10)
  An unseen horror (D:10)
  Psyche (D:11)
  2 trolls
  3 polar bears (D:8)
  Prince Ribbit (D:5)
  A wyvern (D:9)
  19 yaks
  2 steam dragons
  2 water moccasins
  2 orc warriors
  A black bear (D:6)
  An ice beast (D:8)
  A sky beast (D:6)
  2 necrophages
  An ogre (D:5)
  2 wolves
  2 centaurs
  3 phantoms (D:6)
  A gnoll sergeant (D:7)
  2 bullfrogs
  4 water moccasin zombies (Ossuary)
  A water moccasin skeleton (D:6)
  10 killer bees
  3 wights (D:4)
  4 howler monkeys
  2 centaur zombies
  A bullfrog zombie (D:5)
  2 hounds
  6 orc priests
  3 jellies
  Crazy Yiuf (D:4)
  2 gnoll shamans
  A bullfrog skeleton (D:6)
  2 iguanas (D:4)
  5 orc wizards
  2 centaur simulacra (D:8)
  3 hound skeletons
  3 mummies
  16 gnolls
  A howler monkey skeleton (D:4)
  6 adders
  5 white imps
  3 howler monkey simulacra (D:8)
  An ufetubus (D:5)
  3 adder zombies (Ossuary)
  An adder skeleton (D:4)
  3 worms
  A dart slug (D:2)
  12 orcs
  6 bats
  3 endoplasms (D:1)
  4 giant cockroaches
  6 gnoll zombies (Ossuary)
  5 goblins
  7 hobgoblins
  5 jackals
  3 quokkas
  10 ball pythons
  7 frilled lizards
  3 hobgoblin zombies (Ossuary)
  2 kobolds (D:1)
  3 kobold zombies (Ossuary)
  6 orc zombies (Ossuary)
  7 rats
237 creatures vanquished.

Vanquished Creatures (others)
  5 withered plants (D:2)
5 creatures vanquished.

Grand Total: 242 creatures vanquished

Notes
Turn   | Place    | Note
-------+----------+-------------------------------------------
     0 | D:1      | pkoi the Spriggan Air Elementalist began the quest for the
                  | Orb.
     0 | D:1      | Reached XP level 1. HP: 9/9 MP: 5/5
   445 | D:1      | Reached XP level 2. HP: 13/13 MP: 2/6
   515 | D:1      | Reached skill level 3 in Air Magic
  1569 | D:2      | Reached XP level 3. HP: 17/17 MP: 3/8
  1870 | D:2      | Learned a level 3 spell: Inner Flame
  2596 | D:2      | Reached XP level 4. HP: 21/21 MP: 2/9
  2787 | D:2      | Learned a level 4 spell: Airstrike
  2876 | D:2      | Reached skill level 1 in Fighting
  3302 | D:2      | Found a faded altar of an unknown god.
  3351 | D:2      | Found an ornate altar of the Wu Jian Council.
  3479 | D:2      | Reached skill level 1 in Hexes
  3707 | D:2      | Reached XP level 5. HP: 25/25 MP: 1/11
  4335 | D:3      | Found Hufar's Book Boutique.
  4410 | D:3      | Found Jiercha's General Store.
  4427 | D:3      | Bought a book of Vapours for 144 gold pieces
  4430 | D:3      | Learned a level 2 spell: Poisonous Vapours
  4774 | D:3      | Found Osuiton's Assorted Antiques.
  4873 | D:3      | Found a stormy altar of Qazlal.
  5261 | D:4      | Reached skill level 1 in Fire Magic
  5480 | D:4      | Found a staircase to the Ecumenical Temple.
  5489 | Temple   | Entered the Ecumenical Temple
  5743 | Temple   | Became a worshipper of Sif Muna the Loreminder
  6118 | D:4      | Reached XP level 6. HP: 30/30 MP: 11/12
  6260 | D:4      | Reached skill level 4 in Air Magic
  6536 | D:4      | Found a runed translucent door.
  6537 | D:4      | Noticed Crazy Yiuf
  6666 | D:4      | Reached skill level 5 in Air Magic
  6822 | D:4      | Killed Crazy Yiuf
  6910 | D:5      | Entered Level 5 of the Dungeon
  6984 | D:5      | Noticed a troll
  7011 | D:5      | Reached XP level 7. HP: 29/33 MP: 8/13
  7023 | D:5      | Noticed a steam dragon
  7073 | D:5      | Noticed Prince Ribbit
  7127 | D:5      | Found a sand-covered staircase.
  7132 | Ossuary  | Entered an ossuary
  7220 | Ossuary  | Reached * piety under Sif Muna
  7390 | Ossuary  | Reached skill level 6 in Air Magic
  8151 | D:5      | Killed Prince Ribbit
  8152 | D:5      | Reached skill level 7 in Air Magic
  8152 | D:5      | Reached XP level 8. HP: 37/37 MP: 9/14
  8798 | D:5      | Killed a troll
  8799 | D:5      | Reached skill level 8 in Air Magic
  8972 | D:5      | Found an ancient bone altar of Kikubaaqudgha.
  8989 | D:5      | HP: 1/37 [something (6)]
  9498 | D:6      | Reached skill level 9 in Air Magic
  9684 | D:6      | Reached ** piety under Sif Muna
  9741 | D:6      | Found an opulent altar of Gozag.
  9759 | D:6      | Reached skill level 1 in Poison Magic
 10094 | D:6      | Noticed a manticore
 10099 | D:6      | Reached skill level 5 in Stealth
 10103 | D:6      | Killed a manticore
 10104 | D:6      | Reached skill level 1 in Invocations
 10104 | D:6      | Reached XP level 9. HP: 19/41 MP: 1/16
 10923 | D:6      | Reached skill level 1 in Evocations
 11298 | D:7      | Reached skill level 5 in Dodging
 12090 | D:7      | Found a glowing silver altar of Zin.
 12099 | D:7      | Found a sacrificial altar of Ru.
 12856 | D:8      | Reached skill level 5 in Spellcasting
 13140 | D:8      | Noticed a polar bear
 13144 | D:8      | Killed a polar bear
 13145 | D:8      | Noticed a polar bear
 13163 | D:8      | Reached XP level 10. HP: 47/47 MP: 3/18
 14197 | D:8      | Noticed a two-headed ogre
 14203 | D:8      | Killed a two-headed ogre
 14204 | D:8      | Reached skill level 10 in Air Magic
 15539 | D:9      | Reached *** piety under Sif Muna
 16715 | D:9      | Learned a level 2 spell: Passwall
 16824 | D:9      | Reached skill level 5 in Hexes
 17450 | D:9      | Reached skill level 5 in Evocations
 18296 | D:9      | Reached XP level 11. HP: 53/53 MP: 17/21
 18421 | D:10     | Entered Level 10 of the Dungeon
 18795 | D:10     | Found an iron altar of Okawaru.
 19033 | D:10     | Found an ornate altar of the Wu Jian Council.
 19035 | D:10     | Found a bloodstained altar of Trog.
 19281 | D:10     | Found a runed translucent door.
 19282 | D:10     | You fall into a shaft and drop 2 floors!
 19359 | D:12     | Noticed a boulder beetle
 19380 | D:11     | Noticed Psyche
 19380 | D:11     | Noticed a catoblepas
 19385 | D:11     | Noticed Harold
 19402 | D:11     | Found a runed translucent gate.
 19403 | D:11     | Found a runed translucent gate.
 19404 | D:11     | Found a runed translucent gate.
 19406 | D:11     | Noticed cookedgoose's ghost (journeyman HuIE)
 19427 | D:11     | Killed Psyche
 19475 | D:11     | Slain by a catoblepas

Illustrated notes

Levels and vault maps discovered:
D:1:      saegor_arrival_simple_b, layout_basic, minmay_tromino_v4_c
D:2:      layout_basic, basic_altar, shapermc_ecumenical_altar_flowoftime,
          hex_tiny, minmay_misc_feat_nine_boxes, minmay_surrounded
D:3:      layout_basic, mainiacjoe_overflow_tiny_flanked, serial_shops,
          nicolae_lakefront_shop, shop, shop, grunt_decor_cap
D:4:      layout_rooms, temple_fountains, uniq_crazy_yiuf_cottage
D:5:      layout_rooms, kennysheep_little_box, enter_ossuary_5,
          uniq_prince_ribbit1
D:6:      layout_basic, grunt_gozag_statues, minivault_22, minmay_puff
D:7:      layout_basic, mainiacjoe_overflow_swirl,
          hangedman_abyss_or_decor_passed
D:8:      layout_loops_ring, serial_ice, serial_ice_a, serial_ice_g,
          serial_ice_i, serial_ice_o
D:9:      layout_stronghold, due_unseen_surprise
D:10:     layout_long_grid, okawaru_trees_2, jmf_multi_god_temple,
          ebering_ghost_xom, serial_undead, serial_undead_d, serial_undead_e,
          serial_undead_c, serial_undead_c
D:11:     layout_loops_ring, lair_entry_dummy, david_orc_4,
          gauntlet_entry_generic, gammafunk_ghost_necromancy, uniq_psyche,
          uniq_harold
D:12:     kennysheep_demon_hangout, layout_loops_ring
Temple:   dpeg_chambers_temple

Skill      XL: |  1  2  3  4  5  6  7  8  9 10 11 |
---------------+----------------------------------+-----
Air Magic      | 3 5 7 9 10 | 10.5
Spellcasting   | 3 4 5 6 |  6.9
Dodging        | 3 4 5 6 |  6.0
Fighting       | 1 2 3 4 |  4.1
Stealth        | 4 5 6 |  6.0
Hexes          | 1 2 3 5 |  5.9
Fire Magic     | 1 2 3 |  3.3
Poison Magic   | 1 2 4 |  4.9
Invocations    | 1 2 4 |  4.6
Evocations     | 2 5 |  5.8
Conjurations   | |  0.6

Action                   |  1- 3 |  4- 6 |  7- 9 | 10-12 || total
-------------------------+-------+-------+-------+-------++-------
Melee: Dagger            |       |    19 |       |       ||    19
       Short sword       |       |       |    15 |       ||    15
 Cast: Shock             |   106 |   219 |   139 |    35 ||   499
       Poisonous Vapours |       |    19 |    26 |    20 ||    65
       Airstrike         |       |       |    73 |   146 ||   219
       Passwall          |       |       |       |     2 ||     2
Evoke: Wand              |       |       |     3 |       ||     3
  Use: Scroll            |       |     3 |     8 |     3 ||    14
       Potion            |       |     3 |       |     2 ||     5
 Stab: Sleeping          |       |       |     1 |       ||     1
Armor: Robe              |     1 |     5 |    13 |    10 ||    29
Dodge: Dodged            |     8 |    77 |    84 |    53 ||   222
